 Dungeon Crawl Stone Soup version 0.26.1-11-gd32895ea62 (webtiles) character file.

Game seed: 15342890434218928540

126 Tirrikindir the Shield-Bearer (level 5, -3/41 (42) HPs)
             Began as a Formicid Fighter on May 24, 2021.
             Slain by Crazy Yiuf
             ... wielding a +2 quarterstaff of chaos
              (11 damage)
             ... on level 2 of the Dungeon.
             The game lasted 00:04:34 (1507 turns).

Tirrikindir the Shield-Bearer (Formicid Fighter)    Turns: 1507, Time: 00:04:35

HP:   -3/41 (42)    AC: 12    Str: 21      XL:     5   Next: 31%
MP:   5/5           EV:  5    Int:  8      God:
Gold: 122           SH:  9    Dex:  5 (10) Spells: 4/4 levels left

rFire    . . .     SeeInvis +   a - +0 long sword
rCold    . . .     Faith    +   c - +0 kite shield
rNeg     . . .     Spirit   .   i - +0 plate armour (curse)
rPois    .         Reflect  .   (helmet unavailable)
rElec    .         Harm     .   (no cloak)
rCorr    .         Rampage  .   (no gloves)
Will     .....                  g - +0 pair of boots
Stlth    ..........             l - amulet of faith (curse)
HPRegen  0.13/turn              (no ring)
MPRegen  0.09/turn              (no ring)

@: lethally poisoned (-3 -> -7), attractive, lightly drained
A: permanent stasis, dig shafts and tunnels, four strong arms, antennae 3
a: Dig, Shaft Self


You were on level 2 of the Dungeon.
You visited 1 branch of the dungeon, and saw 2 of its levels.

You collected 122 gold pieces.

Inventory:

Hand Weapons
 a - a +0 long sword (weapon)
 j - a +0 short sword
Armour
 c - a +0 kite shield (worn)
 g - a +0 pair of boots (worn)
 i - a cursed +0 plate armour (worn)
Jewellery
 l - a cursed amulet of faith (around neck)
Scrolls
 k - a scroll of identify
 m - 3 scrolls of fog {unknown}
Potions
 b - a potion of attraction
 d - a potion of lignification {unknown}
 e - 2 potions of resistance
 f - 2 potions of curing {unknown}
 h - a potion of brilliance


   Skills:
 + Level 3.8 Fighting
 * Level 3.3 Long Blades
 + Level 3.9 Armour
 + Level 1.4 Dodging
 + Level 4.3 Shields


You had 4 spell levels left.
You didn't know any spells.
Your spell library was empty.

Dungeon Overview and Level Annotations

Branches:
Dungeon (2/15)

Altars:

Annotations:
D:2 Crazy Yiuf


Innate Abilities, Weirdness & Mutations

You cannot be hasted, slowed, berserked, paralysed or teleported.
You can dig through walls and to a lower floor.
Your four strong arms can wield two-handed weapons with a shield.
You have a pair of large antennae on your head. (SInv)


Message History

You are poisoned.
You hit Crazy Yiuf but do no damage.
Crazy Yiuf is heavily wounded.
You feel sick. Crazy Yiuf hits you but does no damage.
You closely miss Crazy Yiuf.
Crazy Yiuf is heavily wounded.
You feel sick. Crazy Yiuf barely misses you.
You riposte.
You barely miss Crazy Yiuf.
Crazy Yiuf is heavily wounded.
You slash Crazy Yiuf!
Crazy Yiuf is almost dead.
You feel sick. Crazy Yiuf hits you but does no damage.
You are electrocuted!
* * * LOW HITPOINT WARNING * * *
You hit Crazy Yiuf but do no damage.
Crazy Yiuf is almost dead.
You feel sick. You block Crazy Yiuf's attack. x2
It was a potion of attraction.
You feel attractive to monsters.
Crazy Yiuf hits you with a +2 quarterstaff of chaos!
You die...

#.##......###........
#####....######
#........ #.....####
#.####### ####### #.#
#.# #.## ### ♣♣##..#
#)..#♣♣ ♣♣..+..#
#...g@♣♣♣♣......#
#...#♣..♣.......# ###
♣♣♣.♣...+..#
♣♣♣♣♣#####


You could see Crazy Yiuf.

Vanquished Creatures
  A quasit (D:2)
  3 adders (D:2)
  2 oozes (D:2)
  A worm (D:2)
  3 dart slugs (D:2)
  7 bats
  5 giant cockroaches
  4 goblins
  7 hobgoblins
  2 jackals (D:1)
  A frilled lizard (D:1)
  7 kobolds
  7 rats
50 creatures vanquished.

Notes
Turn   | Place    | Note
-------+----------+-------------------------------------------
     0 | D:1      | Tirrikindir the Formicid Fighter began the quest for the
                  | Orb.
     0 | D:1      | Reached XP level 1. HP: 18/18 MP: 1/1
   129 | D:1      | Reached XP level 2. HP: 23/24 MP: 2/2
   296 | D:1      | Reached XP level 3. HP: 29/29 MP: 3/3
   464 | D:1      | Reached skill level 4 in Shields
   986 | D:2      | Reached XP level 4. HP: 35/35 MP: 4/4
   993 | D:2      | Reached skill level 1 in Dodging
  1161 | D:2      | Reached XP level 5. HP: 21/42 MP: 5/5
  1489 | D:2      | Found a runed translucent door.
  1490 | D:2      | Noticed Crazy Yiuf
  1507 | D:2      | Slain by Crazy Yiuf

Illustrated notes

Levels and vault maps discovered:
D:1:      elethiomel_arrival_quiet, layout_basic, serial_bayou_pond_d
D:2:      layout_rooms, uniq_crazy_yiuf_cottage

Skill      XL: |  1  2  3  4 |
---------------+-------------+-----
Shields        | 4 |  4.3
Dodging        | 1 |  1.4
Long Blades    | 3 |  3.3
Fighting       | |  3.8
Armour         | |  3.9

Action                   |  1- 3 |  4- 6 || total
-------------------------+-------+-------++-------
Melee: Long sword        |    95 |   103 ||   198
 Abil: Dig               |     9 |       ||     9
  Use: Scroll            |     3 |       ||     3
       Potion            |       |     4 ||     4
Armor: Scale mail        |    20 |       ||    20
       Plate armour      |    31 |   157 ||   188
Dodge: Dodged            |    27 |    45 ||    72
Block: Kite shield       |    52 |    95 ||   147
       Rpst.: Long sword |    11 |     9 ||    20
